 Dungeon Crawl Stone Soup version 0.30.0-29-ga12c61a403 (webtiles) character file.

Game seed: 17251627294823377078

2597 Fodor the Cleaver (level 9, -2/79 HPs)
             Began as a Minotaur Fighter on June 20, 2023.
             Was an Initiate of Trog.
             Slain by a large abomination (7 damage)
             ... on level 2 of the Abyss.
             The game lasted 00:33:12 (5074 turns).

Fodor the Cleaver (Minotaur Fighter)                Turns: 5074, Time: 00:33:13

Health: -2/79      AC: 16    Str: 32    XL:     9   Next: 33%
Magic:  8/8        EV: 10    Int:  5    God:    Trog [......]
Gold:   247        SH:  5    Dex:  9    Spells: 8/8 levels left

rFire   + . .        z - +3 hand axe (flame)
rCold   x . .        c - +0 buckler
rNeg    . . .        h - +0 chain mail
rPois   .            (helmet restricted)
rElec   .            s - +1 cloak
rCorr   .            i - +0 pair of gloves
SInv    .            x - +0 pair of boots
Will    .....        (no amulet) Stlth
                     e - +6 ring of strength
HPRegen 0.33/turn    a - ring of fire
MPRegen 0.11/turn

%: no passive effects
@: mighty
A: horns 2, retaliatory headbutt
a: Renounce Religion


You were on level 2 of the Abyss.
You worshipped Trog.
Trog was noncommittal.
You visited 2 branches of the dungeon, and saw 7 of its levels.
You visited the Abyss 1 time.

You collected 368 gold pieces.
You spent 121 gold pieces at shops.

Inventory:

Hand Weapons
 l - a +2 hand axe of distortion
 z - a +3 hand axe of flaming (weapon)
 A - a +0 shortbow
Missiles
 b - a throwing net (quivered)
 r - 5 poisoned darts
Armour
 c - a +0 buckler (worn)
 h - a +0 chain mail (worn)
 i - a +0 pair of gloves (worn)
 s - a +1 cloak (worn)
 w - a scarf of invisibility
 x - a +0 pair of boots (worn)
Jewellery
 a - a ring of fire (right hand)
 e - a +6 ring of strength (left hand)
 k - a ring of ice
Wands
 B - a wand of polymorph (4)
Scrolls
 g - 4 scrolls of teleportation
 m - a scroll of blinking
 n - a scroll of noise
 t - a scroll of enchant weapon {unknown}
 y - a scroll of poison
 C - a scroll of identify
Potions
 d - a potion of might
 j - 2 potions of mutation {unknown}
 o - a potion of berserk rage {unknown}
 p - 2 potions of brilliance {unknown}
 q - a potion of haste {unknown}
 u - a potion of degeneration {unknown}


   Skills:
 + Level 7.4 Fighting
 + Level 4.0 Long Blades
 + Level 9.2 Axes
 + Level 8.1 Armour
 + Level 3.2 Dodging
 + Level 0.7 Stealth
 + Level 6.0 Shields


You had 8 spell levels left.
You didn't know any spells.
Your spell library contained the following spells:

 Spells                   Type           Power      Damage    Failure   Level
 Slow                     Hex            0%         N/A       89%         1
 Summon Small Mammal      Summ           0%         N/A       89%         1
 Lesser Beckoning         Tloc           0%         N/A       96%         2
 Static Discharge         Conj/Air       0%         2-2/arc   96%         2
 Call Canine Familiar     Summ           0%         N/A       99%         3
 Confusing Touch          Hex            0%         N/A       99%         3
 Gell's Gravitas          Tloc           0%         N/A       99%         3
 Summon Guardian Golem    Hex/Summ       0%         N/A       99%         3
 Teleport Other           Tloc           0%         N/A       99%         3
 Vampiric Draining        Necr           0%         2d6       99%         3
 Airstrike                Air            0%         2d(0-16)  100%        4
 Summon Lightning Spire   Summ/Air       0%         N/A       100%        4


Dungeon Overview and Level Annotations

Branches:
Dungeon (6/15)             Temple (1/1) D:4

Altars:
Cheibriados
Dithmenos
Elyvilon
Fedhas
Gozag
Hepliaklqana
Kikubaaqudgha
Makhleb
Nemelex Xobeh
Okawaru
Qazlal
Ru
Sif Muna
Trog
Uskayaw
Vehumet
Wu Jian
Xom
Yredelemnul
Zin
The Shining One

Shops:
D:5 !


Innate Abilities, Weirdness & Mutations

You have a pair of horns on your head.
You reflexively headbutt those who attack you in melee.


Message History

Trog accepts your kill.
You slash the large abomination! You burn the large abomination.
You slash the hellion! You burn the hellion. You block the hellion's attack.
Your Axes skill increases to level 9!
Your Dodging skill increases to level 3!
You hit the large abomination but do no damage.
Your headbutt misses the large abomination.
The large abomination is heavily damaged.
You slash the hellion! You burn the hellion.
The substance of the Abyss twists violently, and a gateway leading out appears!
You block the hellion's attack.
The large abomination hits you but does no damage.
You closely miss the large abomination.
The large abomination is heavily damaged.
You closely miss the hellion. The hellion hits you.
* * * LOW HITPOINT WARNING * * *
You slash the large abomination! You burn the large abomination.
Your headbutt misses the large abomination.
The large abomination is severely damaged.
You slash the hellion! You burn the hellion.
The hellion hits you but does no damage.
The large abomination hits you!!
* * * LOW HITPOINT WARNING * * *
You barely miss the large abomination.
The large abomination is severely damaged.
You barely miss the hellion.
The hellion hits you but does no damage.
You closely miss the large abomination.
Your headbutt misses the large abomination.
The large abomination is severely damaged.
You slash the hellion! You burn the hellion.
You kill the hellion!
Trog accepts your kill.
The large abomination hits you but does no damage.
Your Armour skill increases to level 8!
Your Shields skill increases to level 6!
You barely miss the large abomination.
The large abomination is severely damaged.
The large abomination hits you!
You die...

. .. # .
....§.# # .
... #### # #
.#### #.#...#
#...._#
.#..X## .
#..@.#
#.#..~~♣♣ #
#.~~~≈
#..≈≈~~~
....~~≈~#.
.....~≈~.#..
.....~≈≈§#...
.....≈....
..#


You could see a large abomination.

Vanquished Creatures
  A hellion (Abyss:2)
  A silent spectre (Abyss:2)
  A hellwing (Abyss:2)
  2 small abominations (Abyss:2)
  Edmund (D:6)
  2 sky beasts (D:6)
  2 black bears
  2 centaurs
  3 ogres
  2 phantoms
  A scorpion (D:4)
  5 wights (D:6)
  A jelly (D:5)
  3 hounds
  An orc wizard (D:5)
  7 gnolls (D:3)
  4 adders
  A white imp (D:5)
  4 dart slugs
  5 orcs
  8 bats
  9 endoplasms
  4 giant cockroaches
  7 goblins
  6 hobgoblins
  3 jackals (D:1)
  A quokka (D:4)
  7 ball pythons
  3 kobolds
  4 rats
101 creatures vanquished.

Vanquished Creatures (others)
  An orc (D:6)
  A kobold (Abyss:2)
2 creatures vanquished.

Grand Total: 103 creatures vanquished

Notes
Turn   | Place    | Note
-------+----------+-------------------------------------------
     0 | D:1      | Fodor the Minotaur Fighter began the quest for the Orb.
     0 | D:1      | Reached XP level 1. HP: 19/19 MP: 0/0
   124 | D:1      | Reached XP level 2. HP: 7/27 MP: 1/1
   615 | D:1      | Reached XP level 3. HP: 33/33 MP: 2/2
  1552 | D:3      | Reached XP level 4. HP: 38/40 MP: 3/3
  1566 | D:3      | Found a shimmering altar of Xom.
  1747 | D:3      | Found a hazy altar of Hepliaklqana.
  1798 | D:3      | Reached skill level 1 in Axes
  1800 | D:3      | Reached skill level 1 in Dodging
  1800 | D:3      | Reached XP level 5. HP: 28/47 MP: 4/4
  2034 | D:3      | Reached skill level 2 in Axes
  2306 | D:4      | Noticed a phantom
  2308 | D:4      | Found a hide-covered altar of Uskayaw.
  2311 | D:4      | Killed a phantom
  2312 | D:4      | Reached skill level 3 in Axes
  2508 | D:4      | Found a staircase to the Ecumenical Temple.
  2522 | Temple   | Entered the Ecumenical Temple
  2556 | Temple   | Became a worshipper of Trog the Wrathful
  2599 | D:4      | Noticed an ogre
  2603 | D:4      | Killed an ogre
  2604 | D:4      | Reached XP level 6. HP: 47/53 MP: 5/5
  2606 | D:4      | Reached skill level 4 in Axes
  2606 | D:4      | Reached skill level 5 in Armour
  2804 | D:5      | Entered Level 5 of the Dungeon
  2950 | D:5      | Reached skill level 5 in Fighting
  2957 | D:5      | Reached skill level 5 in Axes
  2962 | D:5      | Reached XP level 7. HP: 58/61 MP: 6/6
  3168 | D:5      | Found a glowing silver altar of Zin.
  3247 | D:5      | Found Doust's Distillery.
  3267 | D:5      | Bought a potion of heal wounds for 55 gold pieces
  3267 | D:5      | Bought 2 potions of curing for 66 gold pieces
  3643 | D:5      | Reached skill level 6 in Axes
  4183 | D:6      | Noticed Edmund
  4193 | D:6      | Killed Edmund
  4194 | D:6      | Reached skill level 5 in Shields
  4256 | D:6      | Found a basalt altar of Yredelemnul.
  4276 | D:6      | Reached XP level 8. HP: 70/70 MP: 7/7
  4331 | D:6      | Reached skill level 7 in Axes
  4606 | D:6      | Reached skill level 8 in Axes
  4975 | Abyss:2  | Found a corrupted altar of Lugonu.
  4975 | Abyss:2  | Cast into level 2 of the Abyss (unwielding a weapon of
                  | distortion)
  4978 | Abyss:2  | Found a corrupted altar of Lugonu.
  5005 | Abyss:2  | Found a corrupted altar of Lugonu.
  5006 | Abyss:2  | Noticed a silent spectre
  5010 | Abyss:2  | Noticed a hellwing
  5036 | Abyss:2  | Killed a silent spectre
  5037 | Abyss:2  | Reached XP level 9. HP: 35/79 MP: 8/8
  5064 | Abyss:2  | Noticed a hellion
  5068 | Abyss:2  | Killed a hellwing
  5069 | Abyss:2  | Reached skill level 9 in Axes
  5073 | Abyss:2  | Killed a hellion
  5074 | Abyss:2  | Slain by a large abomination

Illustrated notes

Levels and vault maps discovered:
D:1:      evilmike_arrival_plus, layout_rooms
D:2:      layout_loops_ring
D:3:      layout_loops_cross, tgw_xom, lemuel_tele_altar
D:4:      layout_rooms, nicolae_uskayaw_dance_hall,
          minmay_temple_entry_antechambers
D:5:      layout_basic, zin_academy, serial_shops, shop,
          hangedman_abyss_or_decor_jellyfish_corner
D:6:      layout_layer_cave, mainiacjoe_overflow_alcove_4,
          lemuel_flamethrower_2, uniq_edmund
Temple:   lightli_temple_of_artemis
Abyss:2:  base: D:4, minivault_24, lemuel_flamethrower_2

Skill      XL: |  1  2  3  4  5  6  7  8  9 |
---------------+----------------------------+-----
Shields        | 4 5 6 |  6.0
Armour         | 4 5 7 8 |  8.1
Long Blades    | 3 4 |  4.0
Fighting       | 4 5 6 7 |  7.4
Axes           | 1 3 5 6 8 9 |  9.2
Dodging        | 1 2 3 |  3.2
Stealth        | |  0.7

Action                     |  1- 3 |  4- 6 |  7- 9 || total
---------------------------+-------+-------+-------++-------
  Melee: Long sword        |    60 |       |       ||    60
         Headbutt          |     8 |     8 |    24 ||    40
         Hand axe          |    31 |    54 |   128 ||   213
    Use: Scroll            |     3 |     4 |     2 ||     9
         Potion            |       |       |     7 ||     7
 Armour: Scale mail        |    29 |       |       ||    29
         Chain mail        |    39 |    34 |    92 ||   165
  Dodge: Dodged            |    61 |    25 |    64 ||   150
  Block: Buckler           |    31 |    13 |    45 ||    89
